 Dungeon Crawl Stone Soup version 0.26-a0-771-g060e6a62af (webtiles) character file.

Game seed: 11792818787286352888

296 Bliebski the Insei (level 6, -1/41 HPs)
             Began as an Octopode Transmuter on Nov 7, 2020.
             Slain by a worker ant (3 damage)
             ... on level 3 of the Dungeon.
             The game lasted 00:05:40 (3795 turns).

Bliebski the Insei (Octopode Transmuter)            Turns: 3795, Time: 00:05:41

Health: -1/41      AC:  1    Str:  8 (10) XL:     6   Next: 35%
Magic:  10/10      EV:  9    Int: 12 (15) God:
Gold:   184        SH:  9    Dex: 12 (14) Spells: 10/11 levels left

rFire    . . .     SeeInvis .   n - +0 hand axe
rCold    . . .     Faith    .   l - +0 tower shield
rNeg     . . .     Spirit   .   (helmet restricted)
rPois    .         Reflect  .   (no amulet)
rElec    .         Harm     .   (no ring)
rCorr    .         Rampage  .   (no ring)
MR       .....                  (no ring)
Stlth    ++........             (no ring)
HPRegen  0.13/turn              (no ring)
MPRegen  0.12/turn              (no ring)
                                (no ring)
                                (no ring)

@: lethally poisoned (-1 -> -8)
A: almost no armour, stealthy swim, amphibious, 8 rings, constrict 8, camouflage
1, gelatinous body 1
a: no special abilities


You were on level 3 of the Dungeon.
You visited 1 branch of the dungeon, and saw 4 of its levels.

You collected 184 gold pieces.

Inventory:

Hand Weapons
 n - a +0 hand axe (weapon)
Missiles
 d - 6 curare-tipped darts (quivered)
 i - 2 javelins
 m - 13 poisoned darts
Armour
 l - a +0 tower shield (worn)
Scrolls
 a - a scroll of remove curse {unknown}
 b - a scroll of immolation {unknown}
 c - a scroll of enchant armour {unknown}
 e - 2 scrolls of enchant weapon {unknown}
Potions
 f - a potion of might {unknown}
 g - a potion of curing {unknown}
 h - a potion of haste {unknown}
 j - a potion of flight {unknown}
 k - a potion of degeneration


   Skills:
 + Level 2.7 Fighting
 + Level 3.2 Dodging
 + Level 0.0 Shields
 + Level 4.0 Unarmed Combat
 + Level 3.1 Spellcasting
 + Level 3.4 Transmutations


You had 10 spell levels left.
You knew the following spells:

 Your Spells              Type           Power        Failure   Level
a - Beastly Appendage     Tmut           ##....       83%         1

Your spell library contained the following spells:

 Spells                   Type           Power        Failure   Level
 Wereblood                Tmut           ##......     93%         2
 Spider Form              Tmut/Pois      #.........   100%        3
 Ice Form                 Ice/Tmut       #.......     100%        4
 Blade Hands              Tmut           ##........   100%        5


Dungeon Overview and Level Annotations

Branches:
Dungeon (4/15)
 Temple: D:4-7

Altars:
Makhleb
Zin

Annotations:
D:4 Robin


Innate Abilities, Weirdness & Mutations

You cannot wear most types of armour.
You are very stealthy in the water. (Stealth+)
You are amphibious.
You can wear up to eight rings at the same time.
You can use your tentacles to constrict eight enemies at once.
Your skin changes colour to match your surroundings (Stealth+).
Your rubbery body absorbs attacks. (AC +1, EV +1)


Message History

You hit the worker ant.
The worker ant is heavily wounded.
You closely miss the hobgoblin. You constrict the worker ant.
You block the hobgoblin's attack. The worker ant bites you.
* * * LOW HITPOINT WARNING * * *
You are lethally poisoned!
The worker ant poisons you!
The hobgoblin hits you but does no damage.
You hit the worker ant but do no damage.
The worker ant is heavily wounded.
You hit the hobgoblin but do no damage. You constrict the worker ant.
* * * LOW HITPOINT WARNING * * *
You feel sick. The worker ant bites you.
* * * LOW HITPOINT WARNING * * *
The worker ant closely misses you. You block the hobgoblin's attack.
It was a potion of degeneration.
There was something very wrong with that liquid.
You feel weakened.
You feel dopey.
You feel clumsy.
You constrict the worker ant. The worker ant bites you.
You die...

### #.##..##.# #.#...###.
#.######.# ###......... #.# #.#
##...#######. #.# #.#
#......(...## #.# #.#
#.########.## #### #.#
#.####.###....#.## ...# #.#
#.............#.## ##.# #.#
#)B##..#.#....#...
#.#############@)....#.#....####
#..............)g#...[.#.#†### #
#.........)......#..##...#...###
#................#.#.....#.....#
################...#.#..........
#.# #....#...#)#.#.#.. #.#
#.#.###........... #.# #.#.#
#..#.#.#.#.. #.# #.#.#
##.........#


You could see a worker ant and a hobgoblin (strong).

Vanquished Creatures
  Sigmund (D:2)
  An orc wizard (D:3)
  3 adders (D:3)
  A worm (D:3)
  A dart slug (D:1)
  6 leopard geckos
  4 orcs (D:3)
  A giant cockroach (D:2)
  9 goblins
  6 hobgoblins
  4 jackals (D:1)
  2 quokkas (D:3)
  A ball python (D:1)
  5 bats
  3 frilled lizards
  7 kobolds
  5 rats
60 creatures vanquished.

Vanquished Creatures (others)
  A plant (D:1)
1 creature vanquished.

Grand Total: 61 creatures vanquished

Notes
Turn   | Place    | Note
-------+----------+-------------------------------------------
     0 | D:1      | Bliebski the Octopode Transmuter began the quest for the
                  | Orb.
     0 | D:1      | Reached XP level 1. HP: 13/13 MP: 3/3
   146 | D:1      | Reached XP level 2. HP: 16/18 MP: 3/5
   715 | D:1      | Reached XP level 3. HP: 23/23 MP: 4/6
  1161 | D:2      | Noticed Sigmund
  1173 | D:2      | Killed Sigmund
  1173 | D:2      | Reached XP level 4. HP: 17/30 MP: 6/8
  1173 | D:2      | Reached XP level 5. HP: 20/35 MP: 6/9
  1707 | D:2      | Found a faded altar of an unknown god.
  1997 | D:3      | Reached XP level 6. HP: 35/41 MP: 8/10
  2274 | D:3      | Reached skill level 4 in Unarmed Combat
  2528 | D:3      | Found a burning altar of Makhleb.
  2732 | D:3      | Found a glowing silver altar of Zin.
  3396 | D:4      | Noticed Robin
  3794 | D:3      | HP: 2/41 [worker ant (3)]
  3795 | D:3      | Slain by a worker ant

Illustrated notes

Levels and vault maps discovered:
D:1:      wander_arrival_estate, layout_basic, serial_bayou,
          serial_bayou_pond_c, serial_bayou_pond_c, serial_bayou_shore_b,
          serial_bayou_shore_b
D:2:      layout_rooms, chequers_ecumenical_altar_twisty, uniq_sigmund
D:3:      layout_basic, old_standard_altar, old_standard_altar,
          serial_co_window_serial, co_window_corner_a, co_window_corner_a,
          co_window_corner_a, co_window_corner_a, co_window_cross_1,
          co_window_2corner, co_window_unsneaky_path_e, co_window_cross_2,
          co_window_broadway_b, co_window_paths_d, glass_columns_b,
          glass_columns_a, glass_columns_a, glass_columns_c, glass_columns_b
D:4:      layout_basic, uniq_robin

Skill      XL: |  1  2  3  4  5  6 |
---------------+-------------------+-----
Fighting       | 2 |  2.7
Dodging        | 3 |  3.2
Transmutations | 3 |  3.4
Spellcasting   | 3 |  3.1
Unarmed Combat | 4 |  4.0

Action                   |  1- 3 |  4- 6 || total
-------------------------+-------+-------++-------
Melee: Unarmed           |    53 |    54 ||   107
       Constrict         |    18 |    18 ||    36
       Kick              |    15 |    13 ||    28
       Tentacles         |     9 |     6 ||    15
       Punch             |     1 |       ||     1
       Hand axe          |       |    16 ||    16
Throw: Dart              |       |     3 ||     3
 Cast: Beastly Appendage |    16 |    24 ||    40
  Use: Potion            |       |     1 ||     1
 Stab: Sleeping          |     2 |     4 ||     6
Armor: Skin              |     7 |     2 ||     9
Dodge: Dodged            |    41 |    36 ||    77
Block: Tower shield      |       |    18 ||    18

Table legend: (Time is in decaauts)
 A = Elapsed time spent in this place.
 B = Non-inter-level travel time spent in this place.
 C = Inter-level travel time spent in this place.
 D = Time resting spent in this place.
 E = Time spent auto-exploring this place.
 F = Levels seen in this place.
 G = Mean time per level.
                   A        B        C        D        E       F      G
               +--------+--------+--------+--------+--------+-----+--------+
         Total |   3796 |   3485 |    311 |    375 |   2718 |   4 |  949.0 |
       Dungeon |   3796 |   3485 |    311 |    375 |   2718 |   4 |  949.0 |
               +--------+--------+--------+--------+--------+-----+--------+

Top non-repeatable levels by time:
     D:3: 1820 daAuts
     D:1: 1102 daAuts
     D:2: 863 daAuts
     D:4: 10 daAuts
